 Dungeon Crawl Stone Soup version 0.27-a0-1202-ge72e49191c (webtiles) character file.

Game seed: 11187215122425409474

95 27snakeeyes612 the Skirmisher (level 4, -3/42 HPs)
             Began as a Naga Fighter on June 3, 2021.
             Slain by an iron imp (9 damage)
             ... summoned by Natasha
             ... on level 3 of the Dungeon.
             The game lasted 00:01:53 (3106 turns).

27snakeeyes612 the Skirmisher (Naga Fighter)        Turns: 3106, Time: 00:01:54

Health: -3/42      AC:  5    Str: 19    XL:     4   Next: 66%
Magic:  4/4        EV:  5    Int:  8    God:
Gold:   56         SH:  9    Dex: 11    Spells: 3/3 levels left

rFire    . . .     SeeInvis +   a - +0 war axe
rCold    . . .     Faith    .   c - +0 kite shield
rNeg     . . .     Spirit   .   b - +0 scale mail
rPois    +         Reflect  .   (no helmet)
rElec    .         Harm     .   (no cloak)
rCorr    .         Rampage  .   (no gloves)
Will     .....                  (no barding)
Stlth    ..........             (no amulet)
HPRegen  0.14/turn              (no ring)
MPRegen  0.09/turn              (no ring)

@: very slow
A: AC +1, large, see invisible, deformed body, poison resistance, slowness 2,
spit poison 1, naga tail 1
a: Spit Poison


You were on level 3 of the Dungeon.
You visited 1 branch of the dungeon, and saw 3 of its levels.

You collected 56 gold pieces.

Inventory:

Hand Weapons
 a - a +0 war axe (weapon)
Armour
 b - a +0 scale mail (worn)
 c - a +0 kite shield (worn)
Scrolls
 g - 3 scrolls of fog {unknown}
 i - a scroll of identify {unknown}
 j - 2 scrolls of amnesia {unknown}
 k - 3 scrolls of teleportation {unknown}
 m - a scroll of noise {unknown}
 n - a scroll of fear {unknown}
 p - a scroll of silence {unknown}
 q - a scroll of vulnerability {unknown}
Potions
 d - a potion of might
 e - a potion of flight {unknown}
 h - a potion of degeneration {unknown}
 l - a potion of mutation {unknown}
 o - a potion of cancellation {unknown}


   Skills:
 + Level 3.5 Fighting
 + Level 3.2 Axes
 + Level 2.9 Armour
 + Level 2.9 Shields


You had 3 spell levels left.
You didn't know any spells.
Your spell library was empty.

Dungeon Overview and Level Annotations

Branches:
Dungeon (3/15)

Altars:

Annotations:
D:3 Natasha, Terence


Innate Abilities, Weirdness & Mutations

Your serpentine skin is tough. (AC +1)
You have supernaturally acute eyesight. (SInv)
Armour fits poorly on your strangely shaped body.
Your system is resistant to poisons. (rPois)
You cover ground very slowly.
You can spit poison.
You have a snake-like lower body.


Message History

Terence hits you with a +0 mace. You block Terence's attack.
You hit Terence but do no damage.
Terence is heavily wounded.
You block Terence's attack.
Your shield and scale mail prevent you from hitting Terence.
Terence is heavily wounded.
Terence hits you with a +0 mace. Terence barely misses you.
You closely miss Terence.
Terence is heavily wounded.
Natasha mumbles some strange words.
Terence hits you with a +0 mace.
Your shield prevents you from hitting Terence.
Terence is heavily wounded.
Your shield prevents you from hitting the iron imp.
Terence hits you with a +0 mace! You block Terence's attack.
You block the iron imp's attack.
You hit Terence but do no damage.
Terence is heavily wounded.
You hit the iron imp but do no damage.
Natasha wildly gestures.
Natasha glows brightly for a moment.
You block Terence's attack. You block the iron imp's attack.
Your shield and scale mail prevent you from hitting Terence.
Terence is heavily wounded.
You hit the iron imp. Terence hits you with a +0 mace.
The iron imp hits you but does no damage.
You block Terence's attack.
You barely miss Terence.
Terence is heavily wounded.
You hit the iron imp.
The iron imp hits you but does no damage.
You block Terence's attack. Terence hits you with a +0 mace.
* * * LOW HITPOINT WARNING * * *
You block the iron imp's attack.
You barely miss Terence.
Terence is heavily wounded.
You hit the iron imp but do no damage. Terence hits you with a +0 mace.
* * * LOW HITPOINT WARNING * * *
The iron imp hits you!
You die...

### ######### ..###
#........ #.#..
.........
#.#.######........
####......@5#.....h@.
#......#..#@#.#####
#.#....>..#h......#
#.#..#............#
#.#...#.#.........#
#.#.#.....#.#.#####
#.#)#<........#.#
#.......#.#.###..
###..............≈


You could see Terence, an iron imp (summoned) and Natasha.

Vanquished Creatures
  4 gnolls
  A worm (D:2)
  A dart slug (D:2)
  An orc (D:2)
  3 bats
  6 endoplasms
  3 giant cockroaches
  5 goblins
  2 hobgoblins (D:1)
  3 jackals (D:2)
  4 kobolds
  3 quokkas
  5 ball pythons
  2 frilled lizards (D:1)
  3 rats
46 creatures vanquished.

Notes
Turn   | Place    | Note
-------+----------+-------------------------------------------
     0 | D:1      | 27snakeeyes612 the Naga Fighter began the quest for the
                  | Orb.
     0 | D:1      | Reached XP level 1. HP: 21/21 MP: 1/1
    25 | D:1      | Reached XP level 2. HP: 8/28 MP: 2/2
   708 | D:1      | Reached XP level 3. HP: 33/34 MP: 3/3
  2311 | D:2      | Reached XP level 4. HP: 42/42 MP: 4/4
  2584 | D:2      | HP: 3/63 [gnoll/+0 whip (2)]
  3085 | D:3      | Noticed Natasha
  3085 | D:3      | Noticed Terence
  3106 | D:3      | Slain by an iron imp

Illustrated notes

Levels and vault maps discovered:
D:1:      lemuel_arrival_behind_the_door_small, layout_basic, serial_curves,
          eino_curves_04, eino_curves_04, minmay_misc_feat_rugged,
          minmay_misc_feat_more_columns
D:2:      layout_loops_ring, corexii_shack, minmay_misc_feat_cross
D:3:      cheibrodos_thug_alley, layout_basic, lemuel_coloured_pillars_altar,
          minitemple, ebering_ecumenical_altar_sacrificial, minmay_box_of_dots,
          uniq_terence, uniq_natasha

Skill      XL: |  1  2  3  4 |
---------------+-------------+-----
Axes           | 3 |  3.2
Fighting       | |  3.5
Armour         | |  2.9
Shields        | |  2.9

Action                   |  1- 3 |  4- 6 || total
-------------------------+-------+-------++-------
Melee: War axe           |   114 |    35 ||   149
 Abil: Spit Poison       |       |     2 ||     2
  Use: Potion            |       |     1 ||     1
Armor: Scale mail        |    47 |    16 ||    63
Dodge: Dodged            |    22 |     7 ||    29
Block: Kite shield       |    58 |    27 ||    85

Table legend: (Time is in decaauts)
 A = Elapsed time spent in this place.
 B = Non-inter-level travel time spent in this place.
 C = Inter-level travel time spent in this place.
 D = Time resting spent in this place.
 E = Time spent auto-exploring this place.
 F = Levels seen in this place.
 G = Mean time per level.
                   A        B        C        D        E       F      G
               +--------+--------+--------+--------+--------+-----+--------+
         Total |   3711 |   3583 |    128 |   1148 |   1999 |   3 | 1237.0 |
       Dungeon |   3711 |   3583 |    128 |   1148 |   1999 |   3 | 1237.0 |
               +--------+--------+--------+--------+--------+-----+--------+

Top non-repeatable levels by time:
     D:2: 2346 daAuts
     D:1: 1282 daAuts
     D:3: 82 daAuts
